 Dungeon Crawl Stone Soup version 0.31-a0-23-gcbde74481b (webtiles) character file.

Game seed: 16652012062184975118

15091 AlmostDecent the Thaumaturge (level 12, 82/82 HPs)
             Began as a Djinni Conjurer on Oct 5, 2022.
             Was a Priest of Ashenzari.
             Quit the game on level 10 of the Dungeon on May 13, 2023.
             The game lasted 00:51:52 (9250 turns).

AlmostDecent the Thaumaturge (Djinni Conjurer)      Turns: 9250, Time: 00:51:52

Health: 82/82      AC:  7    Str:  6    XL:     12   Next: 53%
Gold:   626        EV: 14    Int: 25    God:    Ashenzari [***...] SH:  0 Dex: 12

rFire   + + .        z - +2 dagger "Mantic Soothsayer" {venom, Self, Melee} (curse)
rCold   x . .        (no shield)
rNeg    . . .        e - +0 troll leather armour of Supernal Gnosis {Regen+, Self, Evo} (curse)
rPois   ∞            n - +0 helmet "Prison of Ashenzari" {Evo, Cun} (curse)
rElec   .            v - scarf "I Foresaw This" {repulsion, Evo, Range} (curse)
rCorr   .            F - +0 pair of gloves "Per Aspera Ad Scientiam" {Fort, Evo} (curse)
SInv    +            (boots unavailable)
Will    +....        (no amulet)
Stlth   +++          (no ring)
HPRegen 1.13/turn    (no ring)
MPRegen 0.00/turn

%: repel missiles, clarity
@: flying
A: sickness immunity, fire resistance 2, cold vulnerability 1, float, innate
caster, HP casting, extra vitality 1
a: Renounce Religion, Shatter the Chains


You were on level 10 of the Dungeon.
You worshipped Ashenzari.
Ashenzari was most pleased with you.
You visited 2 branches of the dungeon, and saw 11 of its levels.

You collected 626 gold pieces.

Inventory:

Hand Weapons
 a - a +0 demon trident
 p - a +0 dagger of venom
 w - a +4 flail of protection
 z - the cursed +2 dagger "Mantic Soothsayer" (weapon) {venom, Self, Melee}
   (You took it off an orc wizard on level 5 of the Dungeon)

   It has a curse which improves the following skills: Introspection: Fighting
   and Spellcasting.
   Melee Combat: Short Blades, Long Blades, Axes, Maces & Flails, Polearms,
   Staves and Unarmed Combat.
 D - a +4 vampiric spear
Missiles
 y - 8 boomerangs
Armour
 d - a +0 buckler
 e - the cursed +0 troll leather armour of Supernal Gnosis (worn) {Regen+, Self, Evo}
   (You found it on level 8 of the Dungeon)

   Regen:     It increases your rate of health regeneration.
   It has a curse which improves the following skills: Introspection: Fighting
   and Spellcasting.
   Evocations: Evocations.
 n - the cursed +0 helmet "Prison of Ashenzari" (worn) {Evo, Cun}
   (You found it on level 3 of the Dungeon)

   It has a curse which improves the following skills: Evocations: Evocations.
   Cunning:   Dodging and Stealth.
 v - the cursed scarf "I Foresaw This" (worn) {repulsion, Evo, Range}
   (You found it on level 8 of the Dungeon)

   It has a curse which improves the following skills: Evocations: Evocations.
   Ranged Combat: Ranged Weapons and Throwing.
 F - the cursed +0 pair of gloves "Per Aspera Ad Scientiam" (worn) {Fort, Evo}
   (You found it on level 10 of the Dungeon)

   It has a curse which improves the following skills: Fortitude: Armour and
   Shields.
   Evocations: Evocations.
Jewellery
 E - a ring of protection from fire
Wands
 l - a wand of flame (20)
 C - a wand of mindburst (22)
Scrolls
 c - a scroll of magic mapping
 f - 3 scrolls of fear
 g - a scroll of blinking
 h - 9 scrolls of teleportation
 j - 3 scrolls of enchant weapon
 o - 2 scrolls of fog
 s - 2 scrolls of immolation
 t - 6 scrolls of enchant armour
 x - 3 scrolls of poison
Potions
 b - 3 potions of mutation
 i - 2 potions of invisibility
 k - 4 potions of curing
 m - a potion of ambrosia
 r - a potion of cancellation
 u - a potion of haste
 A - 2 potions of brilliance
 B - a potion of might


   Skills:
 + Level 3.9(5.9) Fighting
 + Level 1.5(2.5) Short Blades
 + Level 4.6(6.0) Armour
 + Level 6.9(8.4) Dodging
 + Level 4.7(6.1) Stealth
 + Level 13.3(15.4) Spellcasting


You knew the following spells:

 Your Spells              Type           Power      Damage    Failure   Level
a - Magic Dart            Conj           100%       1d8       0%          1
b - Searing Ray           Conj           100%       2d8       0%          2
c - Dazzling Flash        Conj/Hex       100%       N/A       1%          3
d - Fulminant Prism       Conj/Hex       38%        3d17      1%          4
e - Iskenderun's Mystic   Conj/Tloc      77%        2d15      1%          4
f - Foxfire               Conj/Fire      100%       2x1d9     0%          1
g - Momentum Strike       Conj/Tloc      100%       3d10      0%          2
h - Stone Arrow           Conj/Erth      100%       3d13      1%          3
i - Animate Dead          Necr           77%        N/A       1%          4
j - Anguish               Hex/Necr       38%        N/A       1%          4
Your spell library was empty.

Dungeon Overview and Level Annotations

Branches:
Dungeon (10/15)            Temple (1/1) D:4            Lair (0/5) D:9
    Orc: D:9-12

Altars:
Ashenzari
Dithmenos
Hepliaklqana
Qazlal
Ru
Uskayaw
Wu Jian

Annotations:
D:6 3 runed translucent doors, sleeves's ghost, novice BaHu


Innate Abilities, Weirdness & Mutations

You are immune to sickness and miasma.
You are immune to poison.
Your flesh is very heat resistant. (rF++)
You are vulnerable to cold. (rC-)
You float through the air rather than walking.
You learn spells naturally, not from books.
Your magical power is your life essence.
You have superior vitality. (+4 MHP)


Message History

Casting: Stone Arrow (safe; 1% risk of failure)
Confirm with . or Enter, or press ? or * to list all spells.
Aiming: Stone Arrow (safe; 1% risk of failure)
Press: ? - help, Shift-Dir - straight line, f - troll
Aim: a troll (wandering, hasn't noticed you, 78% to hit)
The stone arrow hits the troll!!
The troll is heavily wounded.
The troll shouts!
Casting: Stone Arrow (safe; 1% risk of failure)
Confirm with . or Enter, or press ? or * to list all spells.
Aiming: Stone Arrow (safe; 1% risk of failure)
Press: ? - help, Shift-Dir - straight line, f/p - troll
Aim: a troll (heavily wounded, 78% to hit)
The stone arrow hits the troll!
The troll is severely wounded.
Casting: Stone Arrow (safe; 1% risk of failure)
Confirm with . or Enter, or press ? or * to list all spells.
Aiming: Stone Arrow (safe; 1% risk of failure)
Press: ? - help, Shift-Dir - straight line, f/p - troll
Aim: a troll (severely wounded, 78% to hit)
The stone arrow hits the troll!!
You kill the troll!
The orc priest miscasts a cantrip.
Casting: Stone Arrow (safe; 1% risk of failure)
Confirm with . or Enter, or press ? or * to list all spells.
Aiming: Stone Arrow (safe; 1% risk of failure)
Press: ? - help, Shift-Dir - straight line, f - orc priest
Aim: an orc priest, wielding a +0 flail, wearing a +0 leather armour and carrying a wand of flame (4) (78% to hit)
The stone arrow hits the orc priest!!
You kill the orc priest!
l - a wand of flame (20) (gained 4 charges)
Things that are here:
a +0 flail; a +0 leather armour A skeletal warrior comes into view.
It is wielding a +0 glaive.
There is a stone staircase leading up here.
Saving game... please wait.
Welcome back, AlmostDecent the Djinni Conjurer.
Ashenzari says: Partake of my vision.
Partake of my curse.
Press ? for a list of commands and other information.
Are you sure you want to abandon this character and quit the game? (Confirm with "yes".)

♣.~~~~~....#.####....#*,
.♣♣~~~~♣.P.#.#....# *
..♣~♣~♣....#...########
P..♣♣~....♣#...........,
.P..)..♣...............
#..##..#.#.....########.#
.............#..........#
......#..#.#.#####..##..#
......#....#....@.......
......###..#####.#..###.##
###...###>...............#
.........).....#....#####
####...###.###.###.#######
.......###.#.............#
###.#.#......#.###.#.#####
......#.##.###.###.#.#
....#.#.##.........#,#


There were no monsters in sight!

Vanquished Creatures
  A hydra (D:10)
  A boulder beetle (D:10)
  7 two-headed ogres
  An ugly thing (D:9)
  2 manticores
  A gargoyle (D:10)
  A kobold demonologist (D:10)
  A freezing wraith (D:10)
  2 polar bears (D:8)
  4 trolls
  A vampire (D:10)
  2 wyverns
  13 yaks
  2 steam dragons
  A vampire mosquito (D:10)
  5 acid dragons
  A water moccasin (D:8)
  3 orc warriors
  2 ice beasts
  An ogre (D:7)
  2 centaurs (D:10)
  5 kobold brigands
  2 gnoll sergeants (D:9)
  A necrophage (D:6)
  5 bullfrogs
  3 scorpions
  A wight (D:10)
  A hornet simulacrum (D:9)
  5 killer bees (D:9)
  An electric eel (D:10)
  2 hounds (D:6)
  5 orc priests
  2 gnoll boudas
  A jelly (D:5)
  An iguana (D:6)
  19 orc wizards
  10 adders
  14 gnolls
  A shadow imp (D:7)
  2 howler monkey simulacra (D:9)
  3 white imps
  2 ufetubi
  3 worms
  2 dart slugs (D:1)
  53 orcs
  11 endoplasms
  3 giant cockroaches
  3 goblins
  5 hobgoblins
  6 jackals
  22 kobolds
  3 quokkas
  6 ball pythons
  8 bats
  A frilled lizard (D:3)
  4 rats
270 creatures vanquished.

Vanquished Creatures (others)
  An orc (D:8)
  37 fulminant prisms
38 creatures vanquished.

Grand Total: 308 creatures vanquished

Notes
Turn   | Place    | Note
-------+----------+-------------------------------------------
     0 | D:1      | AlmostDecent the Djinni Conjurer began the quest for the
                  | Orb.
     0 | D:1      | AlmostDecent set off with the following spells memorised:
                  | Magic Dart, Searing Ray, Dazzling Flash, Fulminant Prism,
                  | Iskenderun's Mystic Blast.
     0 | D:1      | Reached XP level 1. HP: 15/15 MP: 0/0
    84 | D:1      | Reached XP level 2. HP: 18/21 MP: 0/0
   401 | D:1      | Reached XP level 3. HP: 22/25 MP: 0/0
   401 | D:1      | Learned a level 1 spell: Foxfire
   470 | D:1      | Upgraded the game from 0.30-a0-218-gedb9141078 to
                  | 0.30-a0-305-g026cb31310
   781 | D:2      | Reached skill level 4 in Spellcasting
   902 | D:2      | Reached XP level 4. HP: 24/31 MP: 0/0
  1414 | D:3      | Noticed a chaos spawn
  1415 | D:3      | Found a faded altar of an unknown god.
  1573 | D:3      | Reached XP level 5. HP: 33/35 MP: 0/0
  1573 | D:3      | Learned a level 2 spell: Momentum Strike
  2292 | D:4      | Found a staircase to the Ecumenical Temple.
  2301 | Temple   | Entered the Ecumenical Temple
  2305 | Temple   | Became a worshipper of Ashenzari the Shackled
  2721 | D:4      | Found an ornate altar of the Wu Jian Council.
  2726 | D:4      | Found a sacrificial altar of Ru.
  2727 | D:4      | Found a shadowy altar of Dithmenos.
  2778 | D:5      | Entered Level 5 of the Dungeon
  2795 | D:5      | Reached skill level 5 in Spellcasting
  2795 | D:5      | Reached XP level 6. HP: 32/40 MP: 0/0
  3143 | D:5      | Reached XP level 7. HP: 40/45 MP: 0/0
  3143 | D:5      | Learned a level 3 spell: Stone Arrow
  3526 | D:5      | Reached skill level 6 in Spellcasting
  3765 | D:6      | Noticed sleeves's ghost (novice BaHu)
  3765 | D:6      | Found a runed translucent gate.
  3765 | D:6      | Found a runed translucent gate.
  3767 | D:6      | Noticed a kobold demonologist
  3838 | D:6      | Found a runed translucent gate.
  4250 | D:6      | Reached skill level 1 in Fighting
  4250 | D:6      | Reached XP level 8. HP: 40/52 MP: 0/0
  4972 | D:6      | Reached * piety under Ashenzari
  5125 | D:7      | Reached skill level 7 in Spellcasting
  5592 | D:7      | Noticed a two-headed ogre
  5599 | D:7      | Killed a two-headed ogre
  5600 | D:7      | Reached skill level 1 in Short Blades
  5600 | D:7      | Reached skill level 8 in Spellcasting
  5600 | D:7      | Reached XP level 9. HP: 15/59 MP: 0/0
  5600 | D:7      | Learned a level 4 spell: Animate Dead
  6371 | D:8      | Noticed a manticore
  6376 | D:8      | Killed a manticore
  6377 | D:8      | Reached skill level 5 in Dodging
  6408 | D:8      | Noticed a two-headed ogre
  6412 | D:8      | Noticed a troll
  6414 | D:8      | Killed a two-headed ogre
  6415 | D:8      | Reached skill level 9 in Spellcasting
  6415 | D:8      | Reached XP level 10. HP: 57/67 MP: 0/0
  6630 | D:8      | Reached skill level 10 in Spellcasting
  6688 | D:8      | Reached ** piety under Ashenzari
  6886 | D:8      | Found a hazy altar of Hepliaklqana.
  7008 | D:8      | Reached skill level 1 in Armour
  7390 | D:8      | Reached XP level 11. HP: 35/75 MP: 0/0
  7390 | D:8      | Learned a level 4 spell: Anguish
  7425 | D:8      | Upgraded the game from 0.30-a0-305-g026cb31310 to
                  | 0.30-a0-341-g682706514a
  7613 | D:9      | Reached *** piety under Ashenzari
  7615 | D:9      | Found a stormy altar of Qazlal.
  7682 | D:9      | Reached skill level 11 in Spellcasting
  7804 | D:9      | Noticed a two-headed ogre
  7816 | D:9      | Killed a two-headed ogre
  7844 | D:9      | Noticed a red ugly thing
  7888 | D:9      | Killed a red ugly thing
  7892 | D:9      | Noticed a manticore
  7895 | D:9      | Killed a manticore
  8054 | D:9      | Found a staircase to the Lair.
  8232 | D:9      | Noticed a two-headed ogre
  8235 | D:9      | Killed a two-headed ogre
  8503 | D:10     | Entered Level 10 of the Dungeon
  8526 | D:10     | Reached skill level 12 in Spellcasting
  8532 | D:10     | Noticed a two-headed ogre
  8631 | D:10     | Noticed a two-headed ogre
  8646 | D:10     | Killed a two-headed ogre
  8690 | D:10     | Reached XP level 12. HP: 81/83 MP: 0/0
  8691 | D:10     | Noticed a two-headed ogre
  8697 | D:10     | Noticed an eight-headed hydra
  8704 | D:10     | Killed an eight-headed hydra
  8723 | D:10     | HP: 2/83 [acid dragon/splash of acid (14)]
  8812 | D:10     | Killed a two-headed ogre
  8863 | D:10     | Noticed a boulder beetle
  8895 | D:10     | Killed a boulder beetle
  8912 | D:10     | Reached skill level 13 in Spellcasting
  8920 | D:10     | Killed a two-headed ogre
  9239 | D:10     | Noticed a skeletal warrior
  9250 | D:10     | Upgraded the game from 0.30-a0-341-g682706514a to
                  | 0.31-a0-23-gcbde74481b
  9250 | D:10     | Quit the game

Illustrated notes

Levels and vault maps discovered:
D:1:      amcnicky_arrival_wind_blow, layout_basic
D:2:      wander_river, layout_rooms, nrook_campfire, serial_bayou_pond_d
D:3:      layout_basic, dreamdust_ecumenical_altar_sealed_demon
D:4:      layout_basic, minitemple, minmay_temple_entry_fiery, minivault_23
D:5:      layout_rooms
D:6:      layout_basic, gammafunk_ghost_nasty_kobolds
D:7:      layout_loops_ring, grunt_ministairs_13, minmay_misc_feat_room,
          corexii_checkpoint_a
D:8:      layout_rooms, nicolae_hepliaklqana_hazy_memory, special_room
          [special_room_orc], serial_corexii_hall, corexii_hall_statues_l,
          corexii_hall_statues_i
D:9:      layout_loops_ring, lemuel_tele_altar, dpeg_oklobed_lair, serial_ice,
          serial_ice_o, serial_ice_b, serial_ice_h, serial_ice_k,
          minmay_mirror_moons_of_madness
D:10:     cheibrodos_ideogram_h, layout_basic, serial_bayou,
          serial_bayou_pond_a, serial_bayou_crossing, serial_bayou_shore_b,
          serial_bayou_ford_a, serial_bayou_lake_a
Temple:   kb_temple_of_zot

Skill      XL: |  1  2  3  4  5  6  7  8  9 10 11 12 |
---------------+-------------------------------------+-----
Spellcasting   | 4 5 6 8 9 10 12 13 | 13.3
Stealth        | 2 3 4 |  4.7
Dodging        | 3 4 5 6 |  6.9
Fighting       | 1 2 3 |  3.9
Short Blades   | 1 |  1.5
Armour         | 2 4 |  4.6

Action                     |  1- 3 |  4- 6 |  7- 9 | 10-12 || total
---------------------------+-------+-------+-------+-------++-------
  Melee: Dagger            |       |       |    15 |    21 ||    36
         Unarmed           |       |       |     6 |       ||     6
   Cast: Magic Dart        |    66 |   125 |   149 |   105 ||   445
         Fulminant Prism   |       |     1 |     1 |    35 ||    37
         Searing Ray       |       |     2 |     8 |     7 ||    17
         Stone Arrow       |       |       |    17 |   139 ||   156
 Invoke: Curse Item        |       |       |     2 |     3 ||     5
    Use: Scroll            |       |     4 |       |     1 ||     5
         Potion            |       |       |     2 |     2 ||     4
 Armour: Robe              |     3 |       |    15 |       ||    18
         Troll leather arm |       |       |       |    17 ||    17
  Dodge: Dodged            |     2 |     8 |    49 |    67 ||   126
         Repelled          |       |       |       |     5 ||     5

Table legend: (Time is in decaauts)
 A = Elapsed time spent in this place.
 B = Non-inter-level travel time spent in this place.
 C = Inter-level travel time spent in this place.
 D = Time resting spent in this place.
 E = Time spent auto-exploring this place.
 F = Levels seen in this place.
 G = Mean time per level.
                   A        B        C        D        E       F      G
               +--------+--------+--------+--------+--------+-----+--------+
         Total |   9247 |   8944 |    303 |    284 |   6891 |  11 |  840.6 |
       Dungeon |   9236 |   8933 |    303 |    284 |   6891 |  10 |  923.6 |
        Temple |     10 |     10 |      0 |      0 |      0 |   1 |   10.0 |
               +--------+--------+--------+--------+--------+-----+--------+

Top non-repeatable levels by time:
     D:6: 1354 daAuts
     D:7: 1250 daAuts
     D:9: 1128 daAuts
     D:8: 1051 daAuts
     D:5: 985 daAuts
     D:3: 783 daAuts
     D:1: 738 daAuts
     D:4: 706 daAuts
    D:10: 698 daAuts
     D:2: 538 daAuts
  Temple: 10 daAuts
